 Dungeon Crawl Stone Soup version 0.18-a0-833-gaaf0859 (webtiles) character file.

26861 Levianaught the Fighter (level 13, -6/178 HPs)
             Began as a Minotaur Berserker on Dec 17, 2015.
             Was a High Priest of Trog.
             Mangled by an orc warlord
             ... wielding a +2 great mace of venom
              (21 damage)
             ... on level 2 of the Orcish Mines on Dec 18, 2015.
             The game lasted 01:27:02 (11821 turns).

Levianaught the Fighter (Minotaur Berserker)       Turns: 11821, Time: 01:27:02

Health: -6/178     AC: 12    Str: 38    XL:     13   Next: 1%
Magic:  4/4        EV: 17    Int:  4    God:    Trog [*****.]
Gold:   905        SH:  0    Dex: 11    Spells: 0 memorised, 12 levels left

rFire  . . .     SeeInvis +     S - +10 dire flail of Ofimm {antimagic, Str+5}
rCold  . . .     Gourm    .     O - +1 troll leather armour
rNeg   . . .     Faith    .     (shield currently unavailable)
rPois  +         Spirit   .     K - +0 hat {SInv}
rElec  .         Dismiss  .     D - +2 cloak
rCorr  .         Reflect  .     (no gloves)
SustAt .         Harm     .     b - +0 pair of boots
MR     +....                    (no amulet)
Stlth  ..........               z - +2 ring of strength
                                a - ring of poison resistance

@: berserking, lethally poisoned (-6 -> -13), very quick, somewhat resistant to
hostile enchantments, extremely unstealthy
A: retaliatory headbutt, horns 2, talons 1, see invisible, magic resistance 1,
screaming 1, wild magic 1
a: Berserk, Trog's Hand, Brothers in Arms, Burn Spellbooks, Renounce Religion


You were on level 2 of the Orcish Mines.
You worshipped Trog.
Trog was extremely pleased with you.
You were not hungry.

You visited 2 branches of the dungeon, and saw 14 of its levels.

You collected 1142 gold pieces.
You spent 237 gold pieces at shops.

Inventory:

Hand Weapons
 f - the +5 great mace of Valuable Assets {drain, rC+ Int+2 Stlth+}
   (You found it on level 11 of the Dungeon)

   A truly terrible weapon, it drains the life of those it strikes.
   It affects your intelligence (+2).
   It protects you from cold.
   It makes you more stealthy.
 y - a +2 battleaxe of electrocution
 H - a +0 dire flail
 S - the +10 dire flail of Ofimm (weapon) {antimagic, Str+5}
   (Trog gifted it to you on level 10 of the Dungeon)

   It disrupts the flow of magical energy around spellcasters and certain
   magical creatures (including the wielder).
   It affects your strength (+5).
Missiles
 h - 2 exploding tomahawks
 X - 7 tomahawks of returning (quivered)
Armour
 b - a +0 pair of boots (worn)
 D - a +2 cloak (worn)
 G - a +1 robe of cold resistance
 K - a +0 hat of see invisible (worn)
 O - a +1 troll leather armour (worn)
Jewellery
 a - a ring of poison resistance (left hand)
 z - a +2 ring of strength (right hand)
 A - an uncursed ring of ice
 R - an uncursed ring of see invisible
Wands
 U - a wand of digging (16)
Scrolls
 e - 2 scrolls of identify
 g - 3 scrolls of magic mapping
 l - 2 scrolls of remove curse
 p - 5 scrolls of teleportation
Potions
 d - 9 potions of curing
 i - a potion of resistance
 k - 2 potions of heal wounds
 n - a potion of haste
 o - 2 potions of magic
 s - 2 potions of might
 t - a potion of lignification {unknown}
 v - a potion of flight
 w - 2 potions of cancellation {unknown}
 x - 2 potions of brilliance
 P - 2 potions of agility
Books
 q - a book of Dreams

   Spells                             Type                      Level
   a - Ensorcelled Hibernation        Hexes/Ice                    2
   b - Phase Shift                    Translocation                5
   c - Shadow Creatures               Summoning                    5
   d - Silence                        Hexes/Air                    5
   e - Darkness                       Hexes                        6
   f - Mass Confusion                 Hexes                        6
   Trog disapproves of the use of such an item.
 u - a book of Hinderance

   Spells                             Type                      Level
   a - Confusing Touch                Hexes                        2
   b - Confuse                        Hexes                        3
   c - Gell's Gravitas                Hexes/Translocation          3
   d - Petrify                        Transmutation/Earth          4
   e - Metabolic Englaciation         Hexes/Ice                    5
   f - Yara's Violent Unravelling     Hexes/Transmutation          5
   Trog disapproves of the use of such an item.
 B - the Guide on Flamy Beguiling
   (You found it on level 11 of the Dungeon)

   Spells                             Type                      Level
   a - Slow                           Hexes                        2
   b - Bolt of Magma                  Conjuration/Fire/Earth       5
   c - Mass Confusion                 Hexes                        6
   d - Ring of Flames                 Charms/Fire                  7
   Trog disapproves of the use of such an item.
 E - a book of Death

   Spells                             Type                      Level
   a - Corpse Rot                     Necromancy                   2
   b - Sublimation of Blood           Necromancy                   2
   c - Agony                          Necromancy                   5
   d - Dispel Undead                  Necromancy                   5
   e - Excruciating Wounds            Charms/Necromancy            5
   f - Bolt of Draining               Conjuration/Necromancy       5
   Trog disapproves of the use of such an item.
 F - a book of Burglary

   Spells                             Type                      Level
   a - Swiftness                      Charms/Air                   2
   b - Passwall                       Transmutation/Earth          3
   c - Passage of Golubria            Translocation                4
   d - Lee's Rapid Deconstruction     Earth                        5
   e - Darkness                       Hexes                        6
   f - Invisibility                   Hexes                        6
   Trog disapproves of the use of such an item.
 M - a book of Enchantments

   Spells                             Type                      Level
   a - Cause Fear                     Hexes                        4
   b - Yara's Violent Unravelling     Hexes/Transmutation          5
   c - Silence                        Hexes/Air                    5
   d - Deflect Missiles               Charms/Air                   6
   e - Haste                          Charms                       6
   f - Discord                        Hexes                        8
   Trog disapproves of the use of such an item.
Miscellaneous
 m - a plain deck of summoning
Comestibles
 c - 8 bread rations
 j - 2 beef jerkies
 r - 8 fruits
 C - a chunk of flesh
 I - a meat ration


   Skills:
 + Level 12.5 Fighting
 + Level 12.5(13.6) Axes
 + Level 9.6(12.3) Maces & Flails
 + Level 12.1 Armour
 + Level 11.4 Dodging
 - Level 2.6 Stealth


You had 12 spell levels left.
You didn't know any spells.

Dungeon Overview and Level Annotations

Branches:
Dungeon (12/15)            Temple (0/1) D:5             Orc (2/2) D:12
    Elf (0/3) Orc:2
   Lair: D:8-11

Altars:
Cheibriados
Elyvilon
Fedhas
Okawaru
Pakellas
Qazlal
Ru
Sif Muna
Yredelemnul
Zin

Shops:
D:4 (   D:10 %   Orc:2 :%(


Innate Abilities, Weirdness & Mutations

You reflexively headbutt those who attack you in melee.
You have a pair of horns on your head.
You have sharp toenails.
You have supernaturally acute eyesight.
You are resistant to hostile enchantments.
You occasionally shout uncontrollably at your foes.
Your spells are a little harder to cast, but a little more powerful.


Message History

You kill the orc warrior!
Trog accepts your kill.
You closely miss the orc warlord.
The orc warlord hits you with a great mace of venom!
You are poisoned.
You puncture the orc warlord! Your headbutt misses the orc warlord.
The orc warlord is lightly wounded.
You feel sick.
You hit the orc warlord.
The orc warlord is lightly wounded.
You feel sick.
The orc warlord hits you with a great mace of venom!!
* * * LOW HITPOINT WARNING * * *
A red film seems to cover your vision as you go berserk!
You feel yourself moving faster!
You feel mighty!
You feel somewhat more hungry.
You feel sick.
You impale the orc warlord!!
The orc warlord is moderately wounded.
The orc warlord hits you with a great mace of venom!!
You die...

.... ......
. #.... ..
#... ...#...
.......####
...#..#...##
.....#o.)..#
#......@..##
...........#
#.........##
.........##
..###.#... .
###...#
##.## ###


You could see an orc warlord.

Vanquished Creatures
  Gastronok (D:8)
  Fannar (Orc:1)
  A hydra (D:11)
  A centaur warrior (D:11)
  A tengu warrior (D:11)
  A deep troll earth mage (D:11)
  2 orc high priests (Orc:2)
  An orc knight (Orc:2)
  A deep elf archer (D:9)
  3 hill giants
  3 ugly things
  A deep elf mage (D:10)
  2 manticores (D:12)
  3 orc sorcerers (Orc:2)
  A cyclops (D:8)
  Maurice (D:11)
  A centaur skeleton (D:11)
  3 gargoyles
  3 kobold demonologists (D:11)
  A freezing wraith (D:11)
  4 trolls
  Grinder (D:5)
  Prince Ribbit (D:5)
  2 two-headed ogres
  2 wyverns
  A spriggan (D:7)
  9 yaks
  A shadow (D:11)
  3 hippogriffs
  A hungry ghost (D:10)
  2 steam dragons
  4 wargs
  Menkaure (D:6)
  A wolf (D:9)
  12 orc warriors
  6 ice beasts
  5 sky beasts
  13 ogres
  A crocodile (D:8)
  3 phantoms
  An eye of draining (D:12)
  2 centaurs
  2 big kobolds
  4 giant frogs
  A gnoll sergeant (D:6)
  A wyvern zombie (D:8)
  4 scorpions
  3 jellies
  9 killer bees
  A wight (D:11)
  2 centaur zombies (D:11)
  Crazy Yiuf (D:6)
  A wasp zombie (D:11)
  3 crimson imps
  10 orc priests
  2 giant frog skeletons
  11 orc wizards
  A quasit (D:8)
  Ijyb (D:2)
  11 hounds
  5 iguanas
  10 worker ants
  A killer bee zombie (D:9)
  A worker ant zombie (D:9)
  4 hound skeletons
  18 gnolls
  8 adders
  2 shadow imps
  3 adder skeletons
  2 adder zombies
  4 worms
  7 giant geckos
  38 orcs
  8 bats
  10 hobgoblins
  15 jackals
  3 ball python skeletons
  8 giant cockroaches
  4 giant newts
  9 goblins
  20 kobolds
  3 quokkas
  2 quokka skeletons
  6 rats
  A spectral orc (D:2)
  A fungus (Orc:2)
369 creatures vanquished.

Vanquished Creatures (others)
  A jackal (D:9)
  5 fungi (Orc:2)
6 creatures vanquished.

Grand Total: 375 creatures vanquished

Notes
Turn   | Place    | Note
--------------------------------------------------------------
     0 | D:1      | Levianaught the Minotaur Berserker began the quest for the Orb.
     0 | D:1      | Reached XP level 1. HP: 19/19 MP: 0/0
   229 | D:1      | Reached XP level 2. HP: 25/27 MP: 1/1
   251 | D:1      | Reached skill level 4 in Maces & Flails
   407 | D:1      | Reached ** piety under Trog
   817 | D:2      | Found a glowing silver altar of Zin.
   846 | D:2      | Reached XP level 3. HP: 26/34 MP: 2/2
  1014 | D:2      | Reached XP level 4. HP: 39/41 MP: 3/3
  1116 | D:2      | Found a basalt altar of Yredelemnul.
  1212 | D:2      | Noticed Ijyb
  1224 | D:2      | Killed Ijyb
  1580 | D:3      | Reached XP level 5. HP: 37/47 MP: 4/4
  1584 | D:3      | Reached *** piety under Trog
  1739 | D:3      | Received a gift from Trog
  1821 | D:3      | Reached skill level 5 in Fighting
  2551 | D:4      | Found Kuog's Weapon Shoppe.
  2560 | D:4      | Bought a +1 war axe of electrocution for 172 gold pieces
  2792 | D:4      | Reached XP level 6. HP: 56/56 MP: 5/5
  2899 | D:4      | Reached skill level 5 in Armour
  3170 | D:5      | Entered Level 5 of the Dungeon
  3184 | D:5      | Reached skill level 1 in Axes
  3184 | D:5      | Reached skill level 5 in Maces & Flails
  3268 | D:5      | Found a stormy altar of Qazlal.
  3284 | D:5      | Found a white marble altar of Elyvilon.
  3308 | D:5      | Reached XP level 7. HP: 61/61 MP: 6/6
  3309 | D:5      | Reached skill level 1 in Stealth
  3359 | D:5      | Found an oddly glowing altar of Pakellas.
  3404 | D:5      | Noticed Grinder
  3406 | D:5      | Paralysed by Grinder for 4 turns
  3410 | D:5      | Killed Grinder
  3410 | D:5      | Reached skill level 6 in Fighting
  3499 | D:5      | Reached XP level 8. HP: 56/71 MP: 7/7
  3524 | D:5      | Noticed Prince Ribbit
  3537 | D:5      | Reached skill level 5 in Dodging
  3734 | D:5      | Found a sacrificial altar of Ru.
  3877 | D:5      | Killed Prince Ribbit
  3877 | D:5      | Reached **** piety under Trog
  3877 | D:5      | Reached skill level 7 in Fighting
  3900 | D:5      | Found a staircase to the Ecumenical Temple.
  4041 | D:6      | Reached skill level 5 in Axes
  4077 | D:6      | Found a blossoming altar of Fedhas.
  4145 | D:6      | Noticed Menkaure
  4158 | D:6      | Killed Menkaure
  4237 | D:6      | Reached skill level 8 in Fighting
  4259 | D:6      | Gained mutation: Your spells are a little harder to cast, but a little more powerful. [mutagenic meat]
  4460 | D:6      | Reached XP level 9. HP: 59/81 MP: 8/8
  4619 | D:6      | Noticed Crazy Yiuf
  4626 | D:6      | Killed Crazy Yiuf
  5417 | D:7      | Found an iron altar of Okawaru.
  5908 | D:8      | Noticed a cyclops
  5913 | D:8      | Killed a cyclops
  5913 | D:8      | Reached skill level 9 in Fighting
  6192 | D:8      | Noticed Gastronok
  6201 | D:8      | Reached XP level 10. HP: 91/91 MP: 9/9
  6217 | D:8      | HP: 4/91 [poisoned by a killer bee]
  6219 | D:8      | HP: 1/91 [killer bee (1)]
  6686 | D:8      | Killed Gastronok
  6914 | D:8      | Found a snail-covered altar of Cheibriados.
  7017 | D:8      | Found an iron altar of Okawaru.
  7279 | D:9      | Reached skill level 10 in Fighting
  7424 | D:9      | Reached skill level 10 in Axes
  7648 | D:9      | Reached ***** piety under Trog
  7670 | D:9      | Noticed a deep elf archer
  7674 | D:9      | Killed a deep elf archer
  7674 | D:9      | Reached XP level 11. HP: 99/101 MP: 10/10
  7808 | D:10     | Entered Level 10 of the Dungeon
  7858 | D:10     | Received a gift from Trog
  7861 | D:10     | Got a crystal dire flail {god gift}
  7869 | D:10     | Identified the +10 dire flail of Ofimm {antimagic, Str+5} (Trog gifted it to you on level 10 of the Dungeon)
  7927 | D:10     | Found Guposcho's Food Shoppe.
  8282 | D:10     | Noticed a hill giant
  8287 | D:10     | Killed a hill giant
  8381 | D:10     | Noticed a hill giant
  8391 | D:10     | Killed a hill giant
  8391 | D:10     | Reached skill level 10 in Armour
  8940 | D:11     | Noticed Maurice
  8949 | D:11     | Killed Maurice
  9095 | D:11     | Reached skill level 11 in Axes
  9296 | D:11     | Got a transparent great mace
  9318 | D:11     | Identified the +5 great mace of Valuable Assets {drain, rC+ Int+2 Stlth+} (You found it on level 11 of the Dungeon)
  9382 | D:11     | Reached skill level 10 in Dodging
  9481 | D:11     | Noticed a tengu warrior
  9488 | D:11     | Killed a tengu warrior
  9493 | D:11     | Noticed a centaur warrior
  9501 | D:11     | Killed a centaur warrior
  9505 | D:11     | Noticed a four-headed hydra
  9511 | D:11     | Noticed a soul eater
  9512 | D:11     | Killed a four-headed hydra
  9517 | D:11     | Reached XP level 12. HP: 56/110 MP: 3/11
  9625 | D:11     | Identified the Guide on Flamy Beguiling
 10016 | D:11     | Gained mutation: You occasionally shout uncontrollably at your foes. [mutagenic meat]
 10024 | D:11     | Gained mutation: You have supernaturally acute eyesight. [mutagenic meat]
 10025 | D:11     | Gained mutation: You have sharp toenails. [mutagenic meat]
 10027 | D:11     | Gained mutation: You are resistant to hostile enchantments. [mutagenic meat]
 10804 | D:12     | Reached skill level 12 in Fighting
 11128 | D:12     | Found a staircase to the Orcish Mines.
 11203 | Orc:1    | Entered Level 1 of the Orcish Mines
 11239 | Orc:1    | Noticed Fannar
 11254 | Orc:1    | Killed Fannar
 11416 | Orc:2    | Entered Level 2 of the Orcish Mines
 11431 | Orc:2    | Found a deep blue altar of Sif Muna.
 11447 | Orc:2    | Found a staircase to the Elven Halls.
 11558 | Orc:2    | Found Ziduva's Book Emporium.
 11693 | Orc:2    | Found Ulaonur's Food Emporium.
 11720 | Orc:2    | Bought a meat ration for 65 gold pieces
 11739 | Orc:2    | Found Zujiptile's Antique Weapon Shop.
 11745 | Orc:2    | Paralysed by an orc sorcerer for 2 turns
 11761 | Orc:2    | Reached XP level 13. HP: 119/119 MP: 4/12
 11811 | Orc:2    | Noticed an orc warlord
 11821 | Orc:2    | Mangled by an orc warlord

Vault maps used:
D:1:      nagdon_arrival_zigzag_paths
D:2:      yredelemnul_forgotten_temple_becter, old_standard_altar, first_bread,
          uniq_iyjb
D:3:      serial_glass, glass_columns_a, glass_columns_c
D:4:      serial_shops, shop, grunt_ministairs_8
D:5:      elyvilon_altar_5, nicolae_ru_the_path_less_chosen,
          overflow_temple_1_default, temple_hall, basic_altar, uniq_grinder,
          uniq_prince_ribbit1
D:6:      kennysheep_mini_moat, uniq_crazy_yiuf_cottage, uniq_menkaure
D:7:      the_bakery, okawaru_gym_becter
D:8:      lemuel_coloured_pillars_altar, kennysheep_mini, uniq_gastronok
D:9:      erik_lair_island, kennysheep_just_a_vault
D:10:     serial_shops, nicolae_shop_trees
D:11:     minmay_evil_grid, uniq_maurice
D:12:     erik_orc_3
Orc:1:    lightli_church_of_beogh, uniq_fannar
Orc:2:    grunt_orc_gardens, grunt_orc_garden, grunt_orc_garden,
          grunt_orc_garden, grunt_orc_garden, serial_shops, shop_fountains,
          led_sif_book

Action                   |  1- 3 |  4- 6 |  7- 9 | 10-12 | 13-15 || total
-------------------------+-------+-------+-------+-------+-------++-------
Melee: Mace              |    91 |    75 |       |       |       ||   166
       Flail             |       |     9 |       |    20 |       ||    29
       War axe           |       |    33 |   149 |    83 |       ||   265
       Dire flail        |       |       |       |   313 |    12 ||   325
Throw: Tomahawk          |       |       |       |     1 |       ||     1
Invok: Trog's Hand       |       |     4 |     2 |     6 |       ||    12
       Berserk           |       |     4 |     8 |    13 |     1 ||    26
       Brothers in Arms  |       |       |       |     2 |       ||     2
  Use: Scroll            |       |     7 |     5 |     9 |     1 ||    22
       Potion            |       |       |     1 |     7 |       ||     8
 Stab: Sleeping          |       |       |       |     3 |       ||     3
       Distracted        |       |       |       |     1 |       ||     1
  Eat: Chunk             |       |    11 |    12 |    21 |     1 ||    45
       Meat ration       |       |       |     1 |     2 |       ||     3
       Bread ration      |       |       |     1 |       |     1 ||     2
       Fruit             |       |       |     1 |       |       ||     1
       Beef jerky        |       |       |       |     1 |       ||     1
